 Dungeon Crawl Stone Soup version 0.21-a0-13-g3fd62ac (webtiles) character file.

68 miragecloak the Changer (level 4, 0/28 HPs)
             Began as an Octopode Transmuter on May 23, 2017.
             Was an Initiate of Elyvilon.
             Succumbed to Ijyb's poison
             ... on level 3 of the Dungeon.
             The game lasted 00:02:07 (1369 turns).

miragecloak the Changer (Octopode Transmuter)       Turns: 1369, Time: 00:02:08

Health: 0/28       AC:  1    Str:  7 (9)  XL:     4   Next: 19%
Magic:  4/7        EV: 18    Int: 13 (15) God:    Elyvilon [......]
Gold:   85         SH:  0    Dex: 15 (18) Spells: 3/7 levels left

rFire    . . .     SeeInvis .     - Unarmed
rCold    . . .     Gourm    .   (no shield)
rNeg     . . .     Faith    .   (helmet restricted)
rPois    .         Spirit   .   (no amulet)
rElec    .         Reflect  .   (no ring)
rCorr    .         Harm     .   (no ring)
MR       .....                  (no ring)
Stlth    +++.......             (no ring)
Regen    0.1/turn               (no ring)
MPRegen  0.1/turn               (no ring)
                                (no ring)
                                (no ring)

@: agile, lethally poisoned (0 -> -3)
A: almost no armour, stealthy swim, amphibious, 8 rings, constrict 8, camouflage
1, gelatinous body 1
a: Renounce Religion


You were on level 3 of the Dungeon.
You worshipped Elyvilon.
Elyvilon was noncommittal.
You were very hungry.

You visited 2 branches of the dungeon, and saw 5 of its levels.

You collected 85 gold pieces.

Inventory:

Missiles
 a - 55 arrows
Jewellery
 d - an uncursed ring of protection from cold {unknown}
Books
 b - a book of Changes

   Spells                             Type                      Level
   a - Beastly Appendage              Transmutation                1
   b - Sticks to Snakes               Transmutation                2
   c - Spider Form                    Transmutation/Poison         3
   d - Ice Form                       Ice/Transmutation            4
   e - Blade Hands                    Transmutation                5
Comestibles
 c - a bread ration


   Skills:
 - Level 1.0 Fighting
 - Level 2.0 Dodging
 - Level 3.0 Unarmed Combat
 - Level 2.0 Spellcasting
 + Level 4.1 Transmutations
 + Level 1.2 Poison Magic


You had 3 spell levels left.
You knew the following spells:

 Your Spells              Type           Power        Failure   Level  Hunger
a - Beastly Appendage     Tmut           ##....       4%          1    ##.....
b - Spider Form           Tmut/Pois      #.........   26%         3    ####...


Dungeon Overview and Level Annotations

Branches:
Dungeon (4/15)             Temple (1/1) D:4

Altars:
Ashenzari
Dithmenos
Elyvilon
Fedhas
Hepliaklqana
Kikubaaqudgha
Nemelex Xobeh
Okawaru
Qazlal
Sif Muna
Trog
Uskayaw
The Shining One

Annotations:
D:2 Robin, Sigmund
D:3 Natasha


Innate Abilities, Weirdness & Mutations

You cannot wear most types of armour.
You are very stealthy in the water. (Stealth+)
You are amphibious.
You can wear up to eight rings at the same time.
You can use your tentacles to constrict eight enemies at once.
Your skin changes colour to match your surroundings (Stealth+).
Your rubbery body absorbs attacks. (AC +1, EV +1)


Message History

Okay, then.
Items here: ) / [ † a dagger of venom; a glowing leather armour; a wand of iceblast (?/15) the goblin corpse of Ijyb
* * * LOW HITPOINT WARNING * * *
You feel sick.
* * * LOW HITPOINT WARNING * * *
You feel sick.
* * * LOW HITPOINT WARNING * * *
You feel sick.
Natasha, Servant of Life and Death comes into view.
Natasha hisses angrily.
Okay, then.
* * * LOW HITPOINT WARNING * * *
You feel sick.
You open the door.
Found a scroll labeled HOGOPLI CIDO and a ring mail.
Found a stone staircase leading down.
A leopard gecko and a goblin come into view.
You die...

.l#. #.#
.... #.#
.>.8. #.#
....g #.#
..[.# #.#
#?..#
#.###....#
#.#.@.8.#
####.#.#...#
#......##+##
#.......#
#.......# .#
#.......#
#.#
#)......#
#.#
#.......#
#.#
#.......#
#.#


You could see a leopard gecko (sleeping) and a goblin (sleeping).

Vanquished Creatures
  Ijyb (D:3)
  A dart slug (D:1)
  8 bats
  4 giant cockroaches (D:1)
  7 goblins
  6 hobgoblins
  2 frilled lizards (D:1)
  3 kobolds
  4 rats
36 creatures vanquished.

Notes
Turn   | Place    | Note
-------+----------+-------------------------------------------
     0 | D:1      | miragecloak the Octopode Transmuter began the quest for the Orb.
     0 | D:1      | Reached XP level 1. HP: 13/13 MP: 3/3
    82 | D:1      | Reached XP level 2. HP: 18/18 MP: 3/5
   145 | D:1      | Reached skill level 3 in Transmutations
   612 | D:1      | Reached XP level 3. HP: 21/23 MP: 4/6
   861 | D:2      | Found a shadowy altar of Dithmenos.
   865 | D:2      | Noticed Robin
   884 | D:2      | Noticed Sigmund
   890 | D:2      | You fall through a shaft for 2 floors!
   894 | D:4      | Found a sparkling altar of Nemelex Xobeh.
  1023 | D:4      | Learned a level 3 spell: Spider Form
  1047 | D:4      | Found a staircase to the Ecumenical Temple.
  1053 | Temple   | Entered the Ecumenical Temple
  1282 | Temple   | Became a worshipper of Elyvilon the Healer
  1333 | D:3      | Noticed Ijyb
  1343 | D:3      | Killed Ijyb
  1343 | D:3      | Reached skill level 4 in Transmutations
  1343 | D:3      | Reached skill level 1 in Poison Magic
  1343 | D:3      | Reached XP level 4. HP: 13/28 MP: 1/7
  1362 | D:3      | HP: 1/28 [poisoned by Ijyb]
  1364 | D:3      | Noticed Natasha
  1369 | D:3      | Succumbed to Ijyb's poison

Vault maps used:
D:1:      moated_graveyard_arrival
D:2:      first_bread, grunt_dithmenos_smoke, uniq_robin, uniq_sigmund
D:3:      grunt_ministairs_13, uniq_ijyb, uniq_natasha
D:4:      nicolae_overflow_hidden_temple, grunt_temple_overflow_open,
          minmay_temple_entry_statues_pillars,
          nemelex_xobeh_ov_fountains_minmay, uniq_edmund
Temple:   nicolae_temple_figure_eight

Skill      XL: |  1  2  3 |
---------------+----------+-----
Transmutations | 3 4 |  4.1
Poison Magic   | 1 |  1.2
Fighting       | |  1.0
Dodging        | |  2.0
Unarmed Combat | |  3.0
Spellcasting   | |  2.0

Action                   |  1- 3 |  4- 6 || total
-------------------------+-------+-------++-------
Melee: Unarmed           |    84 |     6 ||    90
       Kick              |    12 |       ||    12
       Constrict         |    20 |     1 ||    21
       Tentacles         |    14 |       ||    14
 Cast: Beastly Appendage |    20 |       ||    20
       Spider Form       |     1 |       ||     1
  Use: Potion            |       |     2 ||     2
 Stab: Sleeping          |     7 |       ||     7
  Eat: Chunk             |     1 |       ||     1
Armor: Skin              |    20 |     3 ||    23
Dodge: Dodged            |    95 |    10 ||   105
